Map: Acropolis LE

Players

hibiki

  • Race: Zerg Zerg
  • Spawn Location: 5:00

red - Winner!

  • Race: Zerg Zerg
  • Spawn Location: 11:00

VOD

Have the link to the VOD?

Description

Time

  • Played on: May 25, 2019, 4:10 p.m.
  • Length: 12:40
Show
View Real Time Build Order
Export as new Build Order

hibiki Zerg 

Build Orders: Hatch First 

Get SALT Encoding   

  12  0:01  Drone  
  13  0:12  Overlord  
  13  0:16  Drone  
  14  0:31  Drone x2  
  14  0:34  Drone  
  17  0:51  Hatchery  
  17  0:54  Drone  
  17  0:58  Drone  
  18  1:08  Extractor  
  17  1:13  Spawning Pool  
  17  1:15  Drone  
  17  1:19  Drone  
  18  1:28  Drone  
  19  1:41  Overlord  
  19  2:00  Zergling x2  
  21  2:01  Zergling x2  
  21  2:02  Queen  
  21  2:04  Zergling x2  
  21  2:05  Queen  
  26  2:18  Zergling x4  
  28  2:31  Zergling x4  
  28  2:59  Drone x3  
  28  3:00  Drone  
  28  3:05  Drone x2  
  34  3:13  Drone  
  35  3:33  Hatchery  
  34  3:35  Drone  
  34  3:36  Overlord x2  
  35  3:49  Overlord  
  35  3:50  Metabolic Boost  
  35  3:58  Queen  
  35  4:01  Overlord  
  37  4:04  Drone x2  
  37  4:05  Drone x2  
  37  4:08  Drone  
  37  4:09  Lair  
  42  4:10  Drone x2  
  42  4:16  Drone  
  45  4:18  Evolution Chamber  
  45  4:19  Drone  
  45  4:23  Drone  
  46  4:32  Drone x2  
  46  4:33  Overlord  
  48  4:41  Drone  
  48  4:44  Zerg Missile Weapons Level 1, Extractor  
  48  4:45  Extractor  
  47  4:47  Drone x2, Roach Warren  
  47  4:50  Zergling x2  
  49  4:55  Drone  
  49  4:57  Drone x2  
  49  4:59  Queen  
  54  5:07  Drone x3  
  57  5:16  Drone  
  57  5:17  Drone  
  59  5:26  Drone  
  59  5:27  Drone  
  61  5:28  Overlord  
  61  5:35  Overlord x2  
  61  5:36  Roach x3  
  61  5:37  Roach  
  61  5:38  Overseer  
  61  5:40  Roach x2  
  73  5:47  Roach  
  75  5:51  Roach x2  
  75  5:55  Roach  
  81  5:59  Ravager x4  
  81  6:00  Roach x3  
  81  6:01  Overlord  
  86  6:12  Roach x3  
  86  6:17  Roach  
  86  6:18  Roach  
  95  6:27  Roach x4  
  95  6:28  Roach  
  95  6:31  Roach  
  95  6:32  Overlord  
  107  6:33  Overlord  
  107  6:35  Zergling x6  
  110  6:42  Glial Reconstitution  
  110  6:46  Extractor  
  109  6:51  Roach x2  
  109  6:52  Roach  
  115  7:00  Zergling x12  
  121  7:15  Overlord  
  121  7:16  Drone  
  121  7:17  Overlord  
  121  7:18  Overlord x2  
  122  7:25  Overseer  
  122  7:29  Overlord x2  
  122  7:34  Queen  
  122  7:36  Roach  
  122  7:37  Roach x5  
  136  7:47  Roach  
  136  7:48  Roach x3  
  144  8:06  Roach x8  
  144  8:11  Extractor  
  159  8:13  Zerg Missile Weapons Level 2  
  159  8:20  Roach  
  159  8:21  Roach x2  
  155  8:49  Roach x7  
  150  8:59  Roach x5  
  150  9:00  Roach  
  137  9:09  Roach x3  
  144  9:10  Roach x2  
  140  9:19  Roach x3  
  120  9:41  Roach x6  
  124  9:47  Roach  
  124  9:48  Roach x2  
  118  9:53  Roach  
  118  9:54  Roach x2  
  118  10:04  Roach  
  118  10:05  Roach x4  
  110  10:08  Roach  
  110  10:09  Roach  
  110  10:12  Ravager  
  110  10:13  Ravager x4  
  119  10:18  Overlord  
  119  10:25  Drone  
  119  10:26  Drone x3  
  123  10:29  Roach x2  
  127  10:38  Ravager  
  127  10:41  Ravager  
  129  10:45  Overseer  
  129  10:47  Overseer x2  
  129  10:50  Roach  
  129  10:51  Roach x3  
  127  11:19  Roach x10  
  139  11:31  Roach  
  139  11:32  Roach x2  
  117  11:52  Roach  
  117  11:53  Roach x5  
  117  12:05  Roach x5  
  117  12:06  Roach  
Show
View Real Time Build Order
Export as new Build Order

red Zerg - Winner!

Build Orders: Pool First, Roach Hydra 

Get SALT Encoding   

  12  0:18  Spawning Pool  
  11  0:22  Drone  
  12  0:28  Drone  
  13  0:36  Overlord  
  13  0:41  Drone  
  14  1:05  Zergling x2  
  14  1:06  Zergling x4  
  14  1:08  Queen  
  19  1:17  Zergling x2  
  20  1:31  Hatchery  
  19  1:38  Drone x2  
  21  1:49  Overlord  
  21  1:59  Drone  
  22  2:12  Drone  
  23  2:19  Drone x3  
  27  2:30  Drone  
  27  2:38  Drone  
  27  2:46  Drone  
  27  2:48  Queen x2  
  32  2:53  Drone  
  32  2:55  Extractor  
  32  2:57  Drone x2  
  34  3:05  Overlord  
  34  3:16  Drone  
  34  3:17  Drone  
  37  3:27  Drone x3  
  37  3:29  Drone x2  
  42  3:34  Drone  
  42  3:35  Queen  
  42  3:40  Overlord  
  44  3:46  Extractor  
  44  3:47  Drone  
  44  3:48  Extractor  
  43  3:52  Evolution Chamber  
  43  3:53  Drone  
  43  3:58  Drone  
  43  3:59  Evolution Chamber, Drone x3  
  46  4:05  Spine Crawler  
  46  4:07  Drone x3  
  48  4:10  Drone x2  
  48  4:15  Lair  
  48  4:16  Drone  
  51  4:19  Drone  
  51  4:24  Overlord  
  52  4:44  Overlord x3  
  52  4:50  Hatchery  
  52  4:51  Drone  
  52  4:52  Drone, Roach Warren  
  52  5:02  Queen  
  54  5:15  Zerg Ground Armor Level 1  
  54  5:16  Zerg Missile Weapons Level 1  
  54  5:32  Roach x11  
  54  5:34  Glial Reconstitution  
  76  5:38  Overlord  
  76  6:10  Drone x11  
  85  6:15  Drone x3  
  88  6:19  Drone  
  88  6:24  Overlord  
  88  6:25  Overlord x2  
  89  6:38  Pneumatized Carapace  
  89  6:48  Extractor  
  89  6:49  Extractor  
  87  6:58  Drone x5  
  87  6:59  Roach, Drone  
  87  7:00  Roach x3  
  101  7:14  Hydralisk Den  
  101  7:15  Drone x2  
  101  7:16  Drone x2, Overlord  
  101  7:17  Overlord x3  
  104  7:27  Spore Crawler  
  103  7:30  Spore Crawler  
  103  7:32  Spore Crawler  
  103  7:34  Roach x2  
  103  7:35  Roach x6  
  103  7:36  Zerg Missile Weapons Level 2, Hatchery, Zerg Ground Armor Level 2  
  116  7:50  Roach x10  
  136  7:56  Burrow, Tunneling Claws  
  136  8:22  Muscular Augments  
  136  8:23  Hydralisk x4  
  144  8:35  Ravager  
  144  8:38  Overlord x2  
  141  8:53  Hydralisk  
  141  8:54  Hydralisk x6  
  141  8:55  Zergling x2  
  141  8:56  Zergling x18  
  132  9:12  Drone x3  
  132  9:13  Drone x2  
  126  9:33  Grooved Spines  
  119  9:41  Metabolic Boost  
  119  9:44  Hydralisk  
  119  9:45  Roach, Hydralisk x4  
  127  9:46  Roach x9  
  135  10:04  Ravager x2  
  127  10:11  Overseer  
  127  10:29  Roach x10  
  127  10:30  Roach  
  127  10:31  Roach x3  
  127  10:32  Roach  
  127  10:33  Drone  
  127  10:34  Drone x3  
  151  10:42  Zerg Melee Weapons Level 1  
  151  10:48  Overseer  
  151  10:49  Hatchery  
  144  11:24  Roach  
  144  11:25  Roach x13  
  168  11:43  Roach x4  
  168  11:45  Overlord  
  168  11:46  Overlord x4  
  142  12:07  Hydralisk x11  
Tags
 
Composition
Roach Hydra
Matchup
ZvZ
Race
Zerg
Spawn Locations
Cross Positions
Add a new tag
Caveats
  • Supply blocks, unpowered buildings, or Contaminate may cause inaccurate times.
  • Supply counts are checked every 10 seconds.